 Dungeon Crawl Stone Soup version 0.23.1-37-gaa34b87b72 (webtiles) character file.

Game seed: 2738665915401401938

95 GGGomer the Cutter (level 4, -2/29 HPs)
             Began as a Halfling Skald on Mar 20, 2019.
             Killed by nerve-wracking pain
             ... invoked by an orc priest
              (12 damage)
             ... on level 2 of the Dungeon.
             The game lasted 00:08:34 (3138 turns).

GGGomer the Cutter (Halfling Skald)                 Turns: 3138, Time: 00:08:35

Health: -2/29      AC:  3    Str: 13    XL:     4   Next: 97%
Magic:  6/6        EV: 15    Int:  9    God:
Gold:   75         SH:  0    Dex: 13    Spells: 5/6 levels left

rFire    . . .     SeeInvis .   a - +0 short sword
rCold    . . .     Gourm    .   (shield restricted)
rNeg     . . .     Faith    .   b - +0 leather armour
rPois    .         Spirit   .   (no helmet)
rElec    .         Reflect  .   (no cloak)
rCorr    +         Harm     .   (no gloves)
MR       .....                  (no boots)
Stlth    +.........             (no amulet)
HPRegen  0.09/turn              q - -2 ring of intelligence (curse)
MPRegen  0.10/turn              t - ring of resist corrosion

@: no status effects
A: small, mutation resistance 1
a: no special abilities


You were on level 2 of the Dungeon.
You were not hungry.

You visited 1 branch of the dungeon, and saw 3 of its levels.

You collected 75 gold pieces.

Inventory:

Hand Weapons
 a - a +0 short sword (weapon)
 o - a +0 hunting sling
Missiles
 c - 47 stones (quivered)
 e - 15 sling bullets
 i - 13 poisoned needles
 l - 8 curare-tipped needles
 u - 20 arrows
Armour
 b - a +0 leather armour (worn)
 f - a +0 leather armour
Jewellery
 q - a cursed -2 ring of intelligence (left hand)
 t - a ring of resist corrosion (right hand)
Scrolls
 g - a scroll of amnesia {unknown}
 h - a scroll of fog {unknown}
 k - 2 scrolls of identify {unknown}
 m - a scroll of enchant weapon {unknown}
 n - 2 scrolls of teleportation {unknown}
 p - 2 scrolls of remove curse {unknown}
 r - a scroll of immolation {unknown}
Potions
 j - 2 potions of curing {unknown}
Comestibles
 d - a ration
 s - 3 chunks of flesh


   Skills:
 + Level 2.1 Fighting
 + Level 4.0 Short Blades
 + Level 1.9 Armour
 + Level 2.8 Dodging
 + Level 0.3 Stealth
 + Level 1.7 Spellcasting
 + Level 3.7 Charms


You had 5 spell levels left.
You knew the following spells:

 Your Spells              Type           Power        Failure   Level  Hunger
a - Infusion              Chrm           #...         10%         1    ##.....

Your spell library contained the following spells:

 Spells                   Type           Power        Failure   Level  Hunger
 Song of Slaying          Chrm           #.......     14%         2    ###....
 Shroud of Golubria       Chrm/Tloc      #.........   30%         2    ###....
 Regeneration             Chrm/Necr      #.........   52%         3    ####...
 Spectral Weapon          Hex/Chrm       #.......     52%         3    ####...


Dungeon Overview and Level Annotations

Branches:
Dungeon (3/15)

Altars:


Innate Abilities, Weirdness & Mutations

You are small and have problems with some larger weapons.
You are somewhat resistant to further mutation.


Message History

The goblin hits you but does no damage. The orc priest hits you with a +0 club.
There is a stone staircase leading up here.
The orc priest looks braver for a moment.
The goblin misses you.
You climb upwards.
There is a stone staircase leading down here.
You hit the orc priest.
The orc priest is lightly wounded.
The orc priest invokes the aid of Beogh against you.
Pain shoots through your body! The goblin barely misses you.
You barely miss the orc priest.
The orc priest is lightly wounded.
The orc priest barely misses you.
You completely miss the orc priest.
The orc priest is lightly wounded.
The goblin closely misses you.
The orc priest calls down the wrath of Beogh upon you.
Pain shoots through your body!
You die...

.##.# #......# #.'...'.#
.##.# #.#....# #.#...###
.##.# ###+#....#
#.#...######## .##.#
#........# #.............
.##.#
#.....#..###..###########
.##.#####.....#.......#.#
.##.......#'#.#..####.#.#
.########.#.#....o......#
.########.#.###g@...#.#.#
..........#.# #####.#.#.#
###########.# #.#.#.##
............# #.#.#..#
[############ #.#.##.# .#
#.#.##.# .# #.#.##.# .#
#.#.##รท# .# #.#.##.#


You could see an orc priest and a goblin.

Vanquished Creatures
  A howler monkey (D:2)
  2 adders (D:2)
  A dart slug (D:2)
  An orc (D:3)
  2 ball pythons
  2 bats
  A giant cockroach (D:1)
  7 hobgoblins
  2 jackals (D:2)
  3 kobolds (D:1)
  7 frilled lizards
  5 goblins
  5 rats
39 creatures vanquished.

Notes
Turn   | Place    | Note
-------+----------+-------------------------------------------
     0 | D:1      | GGGomer the Halfling Skald began the quest for the Orb.
     0 | D:1      | Reached XP level 1. HP: 14/14 MP: 3/3
     2 | D:1      | Noticed a merfolk
     2 | D:1      | Noticed a gargoyle
     4 | D:1      | Noticed an ogre
     4 | D:1      | Noticed a ghoul
     6 | D:1      | Noticed a centaur
     6 | D:1      | Noticed a formicid
     8 | D:1      | Noticed a halfling
    14 | D:1      | Noticed a human
    14 | D:1      | Noticed an elf
    16 | D:1      | Noticed a draconian
    16 | D:1      | Noticed a vampire
    18 | D:1      | Noticed a dwarf
    20 | D:1      | Noticed a demigod
    20 | D:1      | Noticed a spriggan
    22 | D:1      | Noticed a demonspawn
    22 | D:1      | Noticed a minotaur
    24 | D:1      | Noticed a troll
    26 | D:1      | Noticed a vine stalker
    26 | D:1      | Noticed an octopode
    28 | D:1      | Noticed a felid
    30 | D:1      | Noticed a naga
    30 | D:1      | Noticed a tengu
   213 | D:1      | Reached XP level 2. HP: 15/19 MP: 4/4
   470 | D:1      | Reached skill level 3 in Short Blades
  1164 | D:2      | Reached XP level 3. HP: 22/24 MP: 5/5
  2109 | D:2      | Reached XP level 4. HP: 14/29 MP: 0/6
  2906 | D:2      | Reached skill level 4 in Short Blades
  3138 | D:2      | Killed from afar by an orc priest

Skill      XL: |  1  2  3  4 |
---------------+-------------+-----
Short Blades   | 3 4 |  4.0
Fighting       | 2 |  2.1
Armour         | |  1.9
Dodging        | |  2.8
Stealth        | |  0.3
Spellcasting   | |  1.7
Charms         | |  3.7

Action                   |  1- 3 |  4- 6 || total
-------------------------+-------+-------++-------
Melee: Short sword       |   144 |    37 ||   181
 Cast: Infusion          |     5 |     2 ||     7
 Stab: Sleeping          |       |     1 ||     1
  Eat: Chunk             |     2 |       ||     2
       Ration            |     1 |     1 ||     2
Armor: Leather armour    |    17 |     2 ||    19
Dodge: Dodged            |    93 |    37 ||   130
